 Dungeon Crawl Stone Soup version 0.22-a0-553-g9358b0b (webtiles) character file.

221 inc the Chiller (level 5, 0/31 HPs)
             Began as an Octopode Ice Elementalist on June 25, 2018.
             Slain by a gnoll
             ... wielding a +0 club
              (3 damage)
             ... on level 3 of the Dungeon.
             The game lasted 00:04:35 (3115 turns).

inc the Chiller (Octopode Ice Elementalist)         Turns: 3115, Time: 00:04:36

Health: 0/31       AC:  1    Str:  8    XL:     5   Next: 98%
Magic:  4/8        EV: 13    Int: 18    God:
Gold:   76         SH:  0    Dex: 12    Spells: 4/8 levels left

rFire    . . .     SeeInvis .   k - +2 dagger (speed)
rCold    . . .     Gourm    .   (no shield)
rNeg     . . .     Faith    .   (helmet restricted)
rPois    .         Spirit   .   (no amulet)
rElec    .         Reflect  .   (no ring)
rCorr    .         Harm     .   (no ring)
MR       .....                  (no ring)
Stlth    +++.......             (no ring)
HPRegen  0.10/turn              (no ring)
MPRegen  0.11/turn              (no ring)
                                (no ring)
                                (no ring)

@: no status effects
A: almost no armour, stealthy swim, amphibious, 8 rings, constrict 8, camouflage
1, gelatinous body 1
a: no special abilities


You were on level 3 of the Dungeon.
You were hungry.

You visited 1 branch of the dungeon, and saw 3 of its levels.

You collected 76 gold pieces.

Inventory:

Hand Weapons
 a - a +0 dagger
 f - a +0 short sword
 k - a +2 dagger of speed (weapon)
Jewellery
 d - a cursed ring of loudness {unknown}
 h - a cursed ring of magical power {unknown}
 l - an uncursed amulet of rage {unknown}
Scrolls
 c - 5 scrolls of identify {unknown}
 j - a scroll of teleportation {unknown}
 m - 2 scrolls of enchant weapon {unknown}
Potions
 e - a potion of heal wounds {unknown}
 g - 2 potions of curing {unknown}
 i - a potion of cancellation {unknown}
Comestibles
 b - 6 rations


   Skills:
 + Level 1.6 Short Blades
 - Level 2.0 Dodging
 - Level 2.6 Stealth
 - Level 2.0 Spellcasting
   Level 1.0 Conjurations
 - Level 6.1 Ice Magic


You had 4 spell levels left.
You knew the following spells:

 Your Spells              Type           Power        Failure   Level  Hunger
a - Freeze                Ice            ###.         1%          1    #......
b - Ozocubu's Armour      Chrm/Ice       ##......     16%         3    ###....

Your spell library contained the following spells:

 Spells                   Type           Power        Failure   Level  Hunger
 Throw Frost              Conj/Ice       ##....       6%          2    ###....
 Summon Ice Beast         Ice/Summ       ##......     45%         4    #####..
 Throw Icicle             Conj/Ice       ##......     38%         4    #####..


Dungeon Overview and Level Annotations

Branches:
Dungeon (3/15)

Altars:


Innate Abilities, Weirdness & Mutations

You cannot wear most types of armour.
You are very stealthy in the water. (Stealth+)
You are amphibious.
You can wear up to eight rings at the same time.
You can use your tentacles to constrict eight enemies at once.
Your skin changes colour to match your surroundings (Stealth+).
Your rubbery body absorbs attacks. (AC +1, EV +1)


Message History

Casting: Ozocubu's Armour (safe; 16% risk of failure)
Confirm with . or Enter, or press ? or * to list all spells.
Aiming: Freeze (safe; 1% risk of failure)
Press: ? - help, Shift-Dir - straight line, f - gnoll
Aim: a gnoll, wielding a club (constricted by you)
You freeze the gnoll.
The gnoll is lightly wounded.
You constrict the gnoll. The gnoll hits you with a club!
* * * LOW HITPOINT WARNING * * *
Casting: Freeze (safe; 1% risk of failure)
Confirm with . or Enter, or press ? or * to list all spells.
Aiming: Freeze (safe; 1% risk of failure)
Press: ? - help, Shift-Dir - straight line, f/p - gnoll
Aim: a gnoll, wielding a club (moderately wounded, constricted by you)
You freeze the gnoll.
The gnoll is severely wounded.
You constrict the gnoll.
A goblin comes into view.
The gnoll hits you with a club.
You die...

..........#
.##.....#..#
#.....#..# #
#.....#.!# .#
#.#####..###.##.
#.#####.........
..............g
............###
######.@#####
#g)# #... ##.##
#.. ###


You could see a gnoll and a goblin.

Vanquished Creatures
  Jessica (D:3)
  Robin (D:3)
  4 gnolls (D:3)
  4 adders
  2 oozes (D:3)
  5 worms
  2 leopard geckos
  4 orcs (D:3)
  A ball python (D:2)
  10 bats
  3 giant cockroaches
  18 goblins
  8 hobgoblins
  8 kobolds
  A quokka (D:2)
  4 frilled lizards
  8 rats
84 creatures vanquished.

Notes
Turn   | Place    | Note
-------+----------+-------------------------------------------
     0 | D:1      | inc the Octopode Ice Elementalist began the quest for the Orb.
     0 | D:1      | Reached XP level 1. HP: 11/11 MP: 3/3
   105 | D:1      | Reached XP level 2. HP: 17/17 MP: 5/5
   606 | D:1      | Reached skill level 4 in Ice Magic
   652 | D:1      | Reached XP level 3. HP: 21/21 MP: 6/6
  1378 | D:2      | Reached XP level 4. HP: 25/27 MP: 5/7
  1487 | D:2      | Found a faded altar of an unknown god.
  1697 | D:2      | Reached skill level 5 in Ice Magic
  1992 | D:3      | Noticed Jessica
  1997 | D:3      | Killed Jessica
  2043 | D:3      | Reached XP level 5. HP: 27/31 MP: 4/8
  2139 | D:3      | Learned a level 3 spell: Ozocubu's Armour
  2294 | D:3      | Reached skill level 6 in Ice Magic
  2568 | D:3      | Noticed Robin
  2855 | D:3      | Killed Robin
  3050 | D:3      | Reached skill level 1 in Short Blades
  3115 | D:3      | Slain by a gnoll

Vault maps used:
D:1:      scummos_arrival_simple_fountains
D:2:      chequers_ecumenical_altar_island
D:3:      first_ration, uniq_jessica, uniq_robin

Skill      XL: |  1  2  3  4  5 |
---------------+----------------+-----
Ice Magic      | 4 5 6 |  6.1
Short Blades   | 1 |  1.6
Dodging        | |  2.0
Stealth        | |  2.6
Spellcasting   | |  2.0
Conjurations   | |  1.0

Action                   |  1- 3 |  4- 6 || total
-------------------------+-------+-------++-------
Melee: Dagger            |    18 |   109 ||   127
       Constrict         |    13 |    32 ||    45
       Tentacles         |     6 |    23 ||    29
       Unarmed           |     1 |       ||     1
       Short sword       |    32 |     8 ||    40
 Cast: Freeze            |    13 |    24 ||    37
       Ozocubu's Armour  |       |     4 ||     4
 Stab: Sleeping          |    10 |     2 ||    12
  Eat: Chunk             |     2 |     5 ||     7
Armor: Skin              |     3 |    10 ||    13
Dodge: Dodged            |    36 |    65 ||   101

Table legend:
 A = Spawn XP
 B = Non-spawn XP
 C = Spawn XP percentage of total XP
 D = Spawn monster count
 E = Non-spawn monster count
 F = Spawn count percentage of total count
 G = Total turns spent on level
                    A         B        C        D         E        F      G
               +---------+---------+-------+---------+---------+-------+---------
         Total |       0 |     316 |   0.0 |       0 |      84 |   0.0 |  3115
               +---------+---------+-------+---------+---------+-------+---------
           D:1 |       0 |      38 |   0.0 |       0 |      23 |   0.0 |   799
           D:2 |       0 |      70 |   0.0 |       0 |      24 |   0.0 |  1385
           D:3 |       0 |     208 |   0.0 |       0 |      37 |   0.0 |   931
               +---------+---------+-------+---------+---------+-------+---------
